← All builds
Tech / Armada / Economy first / OBSERVED BUILD

Rattlesnake defence

Armada Tech (Eco) build order · Supreme Isthmus

The Tech player fields early Rattlesnake pop-up artillery from around 8:39 to hold and push the middle, well ahead of the norm, before transitioning to typical Citadel/Umbrella defence.

Usually first T2 con to Geo (77%)

#artillery #defence #t2 · 30 distinct matches · 17 players · 2% of Armada Tech games · team won 53% of 30 · Recently observed

THE CATCH, AND WHAT COMES WITH IT
  • RattlesnakeEarly defence from 8:39 · 2% of role by thenOnly 2% of Tech games have it by then; others who build it get it around 11:07

Where those units first fight, in 18 games with kill data: in the middle 100%.

Those units destroy a typical 113 metal of enemy units by 15:00.

HOW TO PLAY IT

Key timing: Rattlesnake by 8:52

  1. Open mex and wind as standard tech eco rush.
  2. Build bot lab quickly to keep pace with normal tech timeline.
  3. Finish Advanced Bot Lab on the usual fast tech schedule.
  4. Start Rattlesnake pop-up defence far earlier than tech norm.
  5. Layer anti-nuke and Basilica as the defensive line matures.

Phase by phase

TYPICAL OF ITS 30 GAMES · AGAINST STANDARD TECH
  1. 1
  2. 2
  3. 3
  4. 4
  5. 5
PLAY THE OPENING

Follow the example game's first 9:39 step by step: what to build now, what comes next, and where it goes. At 1× it keeps pace with your own game.

  1. 1

    Up to the Bot Lab

    Economy
    • Metal Extractor3Mex
    • Wind Turbine4Wind
    Order
    1. Bot LabBot Lab after 3 mex, 4 winddone ~1:16, middle half 1:09–1:24

    By 0:59 in all: 3 mex · 4 wind

    The example game in this phase · 3 steps
    1. Mex ×3
    2. Wind ×3
    3. Bot LabBot Labdone 1:09 · typical 1:16
  2. 2

    Bot Lab to Advanced Bot Lab

    Economy
    • Metal Extractor1Mex
    • Wind Turbine9Wind
    • Energy Storage1Energy storage
    Order
    1. Advanced Bot LabAdvanced Bot Lab after 4 mex, 12 wind, 3 con turretdone ~4:21, middle half 4:07–4:33
    Builders
    • Construction Turret3 Con turret
    • Lazarus2 Lazarus
    • Construction Bot2 Con bot
    • Construction Bot1 Con bot for allies

    Some games also: converter (47%)

    By 3:23 in all: 4 mex · 12 wind · 1 energy storage · 3 con turret

    The example game in this phase · 17 steps
    1. Wind
    2. Construction BotCon bot
    3. Wind ×3
    4. LazarusLazarus
    5. Wind
    6. LazarusLazarus
    7. Wind ×2
    8. Mex
    9. Construction BotCon bot
    10. Energy storage
    11. Construction BotCon botfor Air
    12. Con turret
    13. Wind
    14. Con turret
    15. Wind
    16. LazarusLazarus
    17. Advanced Bot LabAdvanced Bot Labdone 3:46 · typical 4:21
  3. 3

    Advanced Bot Lab to 5:00

    Economy
    • Wind Turbine3Wind
    Builders
    • Advanced Construction Bot1 T2 con bot for allies

    Some games also: converter (37%)

    By 5:00 in all: 4 mex · 17 wind · 2 converter · 1 energy storage · 3 con turret

    The example game in this phase · 7 steps
    1. Wind ×2
    2. Advanced Construction BotT2 con botfor Geo
    3. Wind
    4. Advanced Metal ExtractorT2 mexdone 4:31 · typical 5:16
    5. Wind
    6. Advanced Metal ExtractorT2 mex ×2
    7. Wind ×2
  4. 4

    5:00 to Early defence

    Economy
    • Wind Turbine17Wind
    • Energy Converter3Converter+3 vs standard
    Order
    1. RattlesnakeEarly defence after 4 mex, 36 wind, 6 converterdone ~11:10, middle half 9:51–11:57
    Builders
    • Butler4 Butler
    • Advanced Construction Bot2 T2 con bot for allies
    • Advanced Construction Bot1 T2 con bot

    Some games also: Butler for allies (37%) · con turret (30%)

    By 8:34 in all: 4 mex · 36 wind · 6 converter (standard 4) · 1 energy storage · 3 con turret

    The example game in this phase · 67 steps
    1. Advanced Construction BotT2 con botfor Air
    2. Wind ×2
    3. Advanced Construction BotT2 con botfor Pond
    4. Wind
    5. ButlerButler ×2
    6. Advanced Metal ExtractorT2 mex
    7. ButlerButler
    8. Wind
    9. ButlerButler ×2
    10. Advanced Construction BotT2 con botfor Geo sea
    11. Wind
    12. Converter
    13. Wind ×2
    14. Converter
    15. Wind
    16. Converter
    17. ButlerButler
    18. Wind ×3
    19. ButlerButler
    20. Wind ×2
    21. ButlerButler
    22. Wind ×2
    23. ButlerButlerfor Geo sea
    24. Wind ×3
    25. ButlerButlerfor Geo sea
    26. Wind ×4
    27. ButlerButler
    28. Wind ×2
    29. Advanced Construction BotT2 con botfor Beach sea
    30. Wind ×16
    31. ButlerButler
    32. Wind
    33. Converter
    34. Wind ×3
    35. ButlerButler
    36. Wind ×3
    37. Converter
    38. Wind ×2
    39. ButlerButler
    40. Wind ×2
    41. Converter
    42. Wind ×4
    43. Advanced Construction BotT2 con botfor Front
    44. Wind ×3
    45. Converter
    46. Wind ×10
    47. Converter
    48. Wind
    49. ButlerButler
    50. Wind ×4
    51. Converter
    52. Wind
    53. ButlerButler
    54. Wind ×3
    55. Converter
    56. Wind ×5
    57. ButlerButler
    58. Wind ×2
    59. Converter
    60. Wind ×5
    61. Converter
    62. Wind ×5
    63. ButlerButler
    64. Wind
    65. Converter
    66. Wind ×2
    67. RattlesnakeRattlesnakedone 12:18 · typical 11:10
  5. 5

    Early defence to 15:00

    Economy
    • Wind Turbine133Wind
    • Energy Converter34Converter
    • Metal Storage1Metal storage
    Order
    1. Fusion ReactorFusion after 134 wind, 20 converter, 9 con turretin 50% of games
    Builders
    • Construction Turret7 Con turret
    • Butler3 Butler −3 vs standard
    • Advanced Construction Bot1 T2 con bot

    Some games also: fusion (50%) · T2 con bot for allies (47%) · Rattlesnake (37%) · T2 converter (33%) · anti-nuke (30%)

    By 15:00 in all: 4 mex · 196 wind · 43 converter · 1 energy storage · 1 metal storage · 10 con turret

    The example game in this phase · 143 steps
    1. Wind ×3
    2. Converter
    3. Wind
    4. Converter
    5. Wind
    6. ButlerButler
    7. Wind ×3
    8. Converter
    9. Wind ×3
    10. Converter ×2
    11. Wind ×2
    12. Converter
    13. Wind ×3
    14. Converter ×2
    15. Wind ×4
    16. Converter ×3
    17. Wind ×6
    18. Converter
    19. Wind ×2
    20. Converter
    21. Wind ×7
    22. Converter
    23. Wind
    24. Converter
    25. Wind ×7
    26. Converter
    27. Wind
    28. Converter
    29. Wind ×6
    30. Converter
    31. Wind
    32. Converter
    33. Wind ×3
    34. Converter
    35. Wind ×3
    36. Converter ×2
    37. Wind ×7
    38. Converter
    39. Wind
    40. Converter
    41. Wind ×3
    42. Converter
    43. Wind ×4
    44. Converter
    45. Wind
    46. Advanced Construction BotT2 con bot
    47. Converter
    48. Wind ×8
    49. Converter
    50. Wind
    51. Con turret
    52. Wind ×3
    53. Converter
    54. Wind
    55. Converter
    56. Wind ×6
    57. Converter
    58. Wind
    59. Converter
    60. Wind ×4
    61. Converter
    62. Metal storage
    63. Wind ×3
    64. Converter
    65. Wind
    66. Con turret
    67. Wind ×3
    68. Converter
    69. Wind ×4
    70. Converter
    71. Wind ×3
    72. Converter
    73. Wind ×2
    74. Con turret
    75. Wind ×5
    76. Converter
    77. Wind ×4
    78. Experimental GantryExperimental Gantrydone 14:48
    79. Wind
    80. Converter
    81. Wind ×2
    82. Converter
    83. Wind ×5
    84. Converter
    85. Wind ×3
    86. Converter
    87. Wind ×5
    88. Converter
    89. Wind ×5
    90. Converter
    91. Wind ×4
    92. Converter
    93. Wind ×5
    94. Converter
    95. Wind ×3
    96. Converter
    97. Wind ×6
    98. Converter ×2
    99. Wind ×8
    100. Converter
    101. Wind
    102. Converter
    103. Wind ×5
    104. Converter
    105. Wind ×5
    106. Converter
    107. Wind ×2
    108. Converter
    109. Wind ×6
    110. Converter
    111. Wind ×2
    112. Converter
    113. Wind ×4
    114. Converter
    115. Wind ×6
    116. Converter
    117. Wind
    118. Converter
    119. Wind ×7
    120. Converter ×2
    121. Wind ×7
    122. Converter
    123. Wind
    124. Converter
    125. Wind ×6
    126. Converter
    127. Wind ×4
    128. Converter
    129. Wind ×4
    130. Converter
    131. Wind ×4
    132. Converter
    133. Wind ×4
    134. Converter
    135. Wind ×4
    136. MarauderMaraudernot finished by 15:00
    137. Wind
    138. Converter ×2
    139. Wind ×4
    140. T2 converter
    141. Wind ×3
    142. Converter
    143. Wind

Counts are medians over the build's games: half of them build more, half fewer. The example game is [NWP]1347's (36 OS, 28/09/2026); pick another.

Team trades

IN AT LEAST 30% OF ITS GAMES

You hand over

  • Construction Bot1 Con bot to Airfirst at 2:24 · in 77% of games
  • Advanced Construction Bot5 T2 con bot to Air or Geo sea or Pondfirst at 5:00 · in 100% of games
  • Butler3 Butler to Beach sea or Geo sea or Geofirst at 8:05 · in 47% of games

You get

  • Hercules1–2 Light transport from Airfirst at 4:07 · in 80% of games

How it plays out

Typical game of this build against the role’s standard build, running totals by minute

  • This build
  • Standard tech

Metal produced

020k40k
0:005:0010:0015:00

metal

Enemy metal destroyed

05001k1.5k
0:005:0010:0015:00

metal

Own metal lost

0100200300
0:005:0010:0015:00

metal

30 games.

Show as table
ByMetal produced: This buildMetal produced: Standard techEnemy metal destroyed: This buildEnemy metal destroyed: Standard techOwn metal lost: This buildOwn metal lost: Standard tech
1:003833830000
2:009169150000
3:00159416420000
4:00315631510000
5:00498048660000
6:00600658080000
7:00752672300000
8:00933790700000
9:0011778112490000
10:0014251135790000
11:00170711640947000
12:002018119973153000
13:002435823785575000
14:0028130275545859099104
15:0033395316171053323160204
WHAT THE NUMBERS SAY

Team won less often than the standard build despite slightly higher enemy metal destroyed and lower own losses by 15:00.

  • + Enemy metal destroyed by 15:00 above standard (1055 vs 400).
  • + Own metal lost by 15:00 slightly below standard (225 vs 260).
  • − Team win rate below standard (43% vs 53%).
  • − Delays combat entirely: first kill and first loss both far later than tech norm (10:06/10:21).
THE EXAMPLE YOU ARE READING

[NWP]1347

36.0 OS · 28/09/2026

Open source match ↗

2 received units
2458 metal received · 35630 energy received

Allied construction assistance is unknown. Timings are observations, not a promise of solo reproducibility.

Typical milestones

Bot Lab1:16Middle 50%: 1:09–1:24 · n=30
Advanced Bot Lab4:21Middle 50%: 4:07–4:33 · n=30
Advanced Metal Extractor5:16Middle 50%: 4:59–5:39 · n=30
Rattlesnake11:10Middle 50%: 9:51–11:57 · n=27

Played most by

GeeGee6games of this build[NWP]13474games of this buildRogShotz3games of this buildAmrissa2games of this buildDamsko2games of this build